Map: [EWC] Dynasty

Players

Maru

  • Race: Terran Terran
  • Spawn Location: 7:00

Dark - Winner!

  • Race: Zerg Zerg
  • Spawn Location: 1:00

Event: Esports World Cup 2024

VOD

Have the link to the VOD?

Description

Time

  • Played on: Aug. 15, 2024, 12:44 p.m.
  • Length: 11:57

All games in this series

Show
View Real Time Build Order
Export as new Build Order

Maru Terran 

Build Orders: Reaper Expand 

Get SALT Encoding   

  12  0:00  SCV  
  13  0:12  SCV  
  14  0:17  Supply Depot  
  14  0:24  SCV  
  15  0:39  SCV, Barracks  
  16  0:44  Refinery  
  16  0:51  SCV  
  17  1:03  SCV  
  18  1:15  SCV  
  19  1:27  Orbital Command, Reaper  
  20  1:38  Bunker  
  20  1:47  Command Center  
  20  1:53  SCV  
  21  1:59  Reaper  
  22  2:06  Supply Depot  
  22  2:07  SCV  
  23  2:27  Factory  
  23  2:28  SCV  
  23  2:30  Refinery  
  23  2:36  Supply Depot  
  23  2:40  SCV  
  24  2:52  SCV  
  25  3:03  Orbital Command  
  25  3:04  SCV  
  26  3:12  Cyclone  
  28  3:15  Starport  
  28  3:16  SCV  
  29  3:26  Command Center  
  29  3:29  SCV  
  29  3:31  SCV  
  31  3:36  Barracks Reactor  
  31  3:42  Bunker  
  31  3:44  Cyclone  
  31  3:47  SCV  
  34  3:51  Starport Tech Lab  
  34  3:52  SCV  
  35  3:59  SCV  
  36  4:04  SCV  
  36  4:08  Supply Depot  
  36  4:09  Cloaking Field, Banshee  
  40  4:15  Marine x2  
  42  4:17  SCV  
  42  4:21  Supply Depot  
  42  4:29  Factory Tech Lab  
  42  4:34  Supply Depot  
  42  4:38  Orbital Command, SCV x2  
  44  4:50  SCV  
  44  4:52  Banshee  
  45  4:54  SCV  
  45  4:59  Marine  
  44  5:01  Siege Tank  
  44  5:05  Marine  
  48  5:07  SCV  
  48  5:09  SCV  
  48  5:14  SCV  
  51  5:17  Marine  
  52  5:23  SCV  
  52  5:24  SCV  
  52  5:26  SCV  
  52  5:28  Barracks  
  55  5:29  Barracks  
  55  5:35  SCV  
  55  5:37  SCV  
  55  5:38  Siege Tank  
  55  5:39  SCV  
  56  5:46  Engineering Bay  
  56  5:47  SCV, Engineering Bay  
  56  5:49  SCV  
  58  5:51  SCV  
  59  6:00  SCV  
  59  6:01  SCV  
  59  6:02  Supply Depot  
  59  6:04  Orbital Command, Starport Reactor, Stimpack  
  61  6:05  Marine  
  63  6:14  Refinery  
  60  6:18  SCV  
  60  6:20  Barracks  
  60  6:21  Barracks  
  60  6:22  Terran Infantry Weapons Level 1, Terran Infantry Armor Level 1  
  61  6:25  SCV  
  61  6:30  SCV  
  61  6:31  SCV  
  64  6:38  SCV, Barracks Reactor  
  65  6:40  Barracks Reactor  
  65  6:42  SCV  
  65  6:45  SCV  
  67  6:50  Supply Depot, SCV  
  67  6:51  Marine  
  69  6:55  SCV  
  69  6:57  Refinery  
  69  6:58  SCV  
  71  7:02  SCV  
  71  7:06  Siege Tank  
  71  7:07  SCV  
  76  7:08  Supply Depot  
  76  7:09  Marine  
  76  7:12  SCV  
  76  7:14  SCV  
  79  7:17  Marine x6, Barracks Reactor  
  79  7:21  Supply Depot  
  85  7:23  SCV  
  85  7:27  Marine, Medivac x2  
  92  7:30  SCV x2  
  92  7:31  Supply Depot  
  92  7:34  Marine  
  92  7:35  Marine x5  
  99  7:39  SCV  
  99  7:41  Supply Depot  
  99  7:42  SCV  
  101  7:45  Marauder  
  101  7:46  Combat Shield  
  103  7:52  Marine x2  
  103  7:53  Marine x3  
  103  7:55  Marine x3  
  103  7:57  Siege Tank  
  114  7:59  Supply Depot  
  114  8:00  SCV x3  
  117  8:07  Marauder  
  117  8:08  Medivac  
  117  8:10  Marine x3  
  117  8:11  Marine x2  
  126  8:14  Medivac  
  126  8:17  Supply Depot  
  126  8:18  Supply Depot, Marine x2  
  130  8:23  Marine  
  130  8:26  SCV x2  
  133  8:28  Marine, Marauder  
  133  8:29  Marine x2  
  141  8:34  Siege Tank  
  141  8:43  Marine x5  
  141  8:46  Marine  
  141  8:47  Marine x2, Medivac  
  151  8:49  Medivac  
  151  8:54  Supply Depot  
  153  8:59  Marauder  
  153  9:01  Marine x2  
  153  9:02  Marine  
  157  9:04  Marine x2  
  157  9:06  Marine x2  
  157  9:08  SCV x2  
  140  9:14  Marine  
  140  9:16  Siege Tank  
  142  9:18  SCV, Marine  
  142  9:19  Marine  
  142  9:20  Marauder  
  142  9:21  SCV x2  
  142  9:23  Medivac  
  150  9:24  Marine  
  150  9:25  Marine x4, Armory  
  155  9:36  Marine  
  145  9:40  Marine  
  145  9:41  Marauder  
  145  9:42  Marine  
  112  9:46  Marine x4  
  112  9:47  Marine  
  112  9:48  Siege Tank  
  112  9:51  Command Center  
  120  9:54  Marine  
  120  9:57  Medivac x2  
  120  9:58  Marine  
  126  10:00  SCV, Marine  
  126  10:02  Marine  
  126  10:04  Marine  
  129  10:08  SCV x2  
  129  10:11  Refinery  
  129  10:13  SCV  
  132  10:14  Marine x3  
  132  10:15  Marine  
  132  10:20  SCV  
  133  10:23  SCV  
  133  10:25  SCV, Marine x3  
  138  10:29  Marine x2  
  138  10:32  SCV, Marine  
  142  10:40  Barracks  
  142  10:41  Siege Tank, Barracks  
  142  10:42  Barracks  
  145  10:52  Factory  
  145  10:56  Marine  
  145  10:57  Marine x5  
  146  11:03  Medivac x2  
  153  11:08  Marine x2  
  153  11:09  Marauder  
  157  11:14  Marine x4  
  157  11:15  SCV  
  157  11:16  SCV, Ghost Academy  
  163  11:19  Supply Depot x3  
  163  11:24  SCV  
  164  11:28  SCV x2  
  164  11:30  Marauder  
  164  11:32  Marine x2  
  166  11:33  Marine x3  
  166  11:36  SCV  
  166  11:37  Marine x4  
  139  11:40  SCV x2  
  126  11:49  Factory Tech Lab  
Show
View Real Time Build Order
Export as new Build Order

Dark Zerg - Winner!

Build Orders: Hatch First, Roach Hydra, Ravager All-In 

Get SALT Encoding   

  12  0:00  Drone  
  13  0:08  Drone  
  14  0:14  Extractor  
  14  0:15  Drone  
  15  0:38  Hatchery  
  14  0:42  Extractor  
  14  0:43  Drone  
  14  0:48  Overlord  
  15  1:02  Spawning Pool  
  14  1:06  Drone  
  14  1:09  Drone  
  16  1:13  Drone  
  17  1:24  Drone  
  18  1:31  Drone  
  19  1:44  Drone  
  20  1:50  Queen  
  20  1:51  Zergling x2  
  23  1:57  Spine Crawler, Zergling x2  
  23  2:03  Unknown  
  23  2:07  Zergling x2  
  22  2:14  Drone, Zergling x2  
  23  2:22  Roach Warren  
  21  2:30  Drone x2  
  21  2:34  Queen  
  21  2:36  Zergling x2  
  27  2:41  Overlord  
  27  2:55  Overlord  
  27  2:56  Drone  
  28  3:04  Roach x3  
  34  3:06  Roach  
  35  3:13  Overlord  
  35  3:15  Roach  
  37  3:20  Roach  
  39  3:29  Ravager x2  
  39  3:30  Roach  
  39  3:31  Overlord  
  43  3:37  Roach  
  45  3:47  Drone x3  
  48  3:50  Ravager  
  48  3:53  Drone x2  
  51  3:56  Drone  
  51  4:00  Drone  
  51  4:02  Ravager  
  54  4:06  Drone x2  
  56  4:11  Drone  
  57  4:17  Ravager  
  57  4:20  Overlord  
  57  4:22  Drone x2  
  60  4:24  Overlord  
  60  4:32  Overlord  
  60  4:37  Overlord  
  60  4:42  Drone x2, Ravager  
  60  4:43  Drone x2  
  60  4:45  Drone  
  61  4:55  Drone x3  
  61  4:57  Drone  
  66  5:01  Hatchery  
  66  5:05  Queen  
  64  5:16  Spore Crawler, Lair  
  64  5:17  Spore Crawler  
  64  5:21  Drone x4  
  62  5:26  Drone x2  
  66  5:40  Drone x3, Queen  
  66  5:41  Drone  
  69  5:44  Ravager  
  69  5:45  Ravager  
  67  5:50  Extractor x2  
  67  5:53  Hatchery, Drone  
  67  5:54  Drone x3  
  67  5:56  Drone  
  67  6:03  Drone  
  68  6:08  Evolution Chamber  
  68  6:09  Evolution Chamber  
  65  6:11  Drone  
  65  6:13  Drone  
  65  6:16  Queen  
  69  6:19  Overseer  
  69  6:21  Queen  
  69  6:25  Roach x4  
  79  6:26  Glial Reconstitution  
  81  6:32  Drone x2  
  81  6:33  Drone x2  
  81  6:38  Zerg Ground Armor Level 1, Zerg Missile Weapons Level 1  
  80  6:40  Drone x2  
  80  6:41  Drone  
  80  6:42  Drone  
  80  6:45  Drone  
  85  6:48  Drone  
  85  6:52  Queen  
  88  6:55  Drone  
  88  6:56  Overlord  
  88  6:57  Drone x3  
  88  6:58  Roach  
  88  6:59  Roach  
  88  7:00  Spore Crawler  
  95  7:06  Overlord  
  95  7:09  Extractor x2  
  95  7:10  Drone x3  
  95  7:11  Drone  
  95  7:12  Roach  
  99  7:18  Roach x2  
  99  7:22  Roach x2  
  107  7:27  Drone x5, Hydralisk Den, Infestation Pit  
  107  7:29  Metabolic Boost  
  110  7:37  Roach x4  
  110  7:38  Overlord  
  110  7:41  Drone  
  110  7:42  Extractor  
  110  7:44  Extractor  
  117  7:49  Roach  
  117  7:50  Overlord x4  
  119  7:51  Overlord  
  119  8:01  Grooved Spines  
  119  8:06  Hive  
  119  8:08  Drone x3  
  119  8:13  Drone x4  
  119  8:15  Roach x3  
  119  8:16  Roach  
  119  8:19  Drone  
  132  8:22  Overlord  
  132  8:25  Hydralisk x5  
  142  8:29  Ravager x5  
  142  8:32  Zergling x8  
  151  8:40  Ravager  
  151  8:41  Roach x4  
  160  8:47  Hydralisk x3  
  166  8:51  Zergling x4, Muscular Augments  
  165  9:05  Roach  
  165  9:06  Roach  
  148  9:12  Roach x6  
  148  9:14  Roach x4  
  148  9:16  Overlord x2  
  168  9:19  Overseer  
  166  9:25  Overlord  
  166  9:28  Roach  
  154  9:38  Roach x5  
  154  9:39  Roach x6  
  154  9:40  Hydralisk  
  159  9:47  Viper  
  159  9:49  Viper  
  165  9:53  Hydralisk x2  
  165  9:57  Hydralisk  
  167  10:10  Zergling x8  
  171  10:17  Hatchery  
  171  10:20  Zergling x4  
  171  10:21  Zergling x10  
  177  10:28  Overlord x3  
  177  10:31  Hydralisk  
  177  10:33  Hydralisk x2  
  183  10:42  Lurker Den  
  182  10:46  Hydralisk x4  
  182  10:49  Hydralisk  
  190  10:56  Hydralisk  
  190  10:57  Hydralisk  
  192  11:04  Hydralisk x2  
  190  11:11  Hydralisk x3  
  198  11:21  Hydralisk  
Tags
 
Add a new tag
Caveats
  • Supply blocks, unpowered buildings, or Contaminate may cause inaccurate times.
  • Supply counts are checked every 10 seconds.